 Dungeon Crawl Stone Soup version 0.19-a0-1035-gdbfb0c6 (webtiles) character file.

45 mopl the Chopper (level 3, -1/33 HPs)
             Began as a Hill Orc Fighter on July 29, 2016.
             Slain by a killer bee (6 damage)
             ... on level 3 of the Dungeon.
             The game lasted 00:02:18 (1026 turns).

mopl the Chopper (Hill Orc Fighter)                 Turns: 1026, Time: 00:02:18

Health: -1/33      AC: 10    Str: 23    XL:     3   Next: 64%
Magic:  3/3        EV:  5    Int:  8    God:
Gold:   65         SH:  9    Dex: 11    Spells: 0 memorised, 2 levels left

rFire  . . .     SeeInvis .     a - +0 war axe
rCold  . . .     Gourm    .     h - +0 chain mail
rNeg   . . .     Faith    .     c - +0 shield
rPois  .         Spirit   .     (no helmet)
rElec  .         Dismiss  .     (no cloak)
rCorr  .         Reflect  .     (no gloves)
SustAt +         Harm     .     l - +0 pair of boots
MR     .....                    q - amulet of inaccuracy (curse)
Stlth  ..........               (no ring)
                                k - ring of sustain attributes

@: mighty, lethally poisoned (-1 -> -4), very slightly contaminated, not
resistant to hostile enchantments, extremely unstealthy
A: no striking features
a: no special abilities


You were on level 3 of the Dungeon.
You were not hungry.

You visited 1 branch of the dungeon, and saw 3 of its levels.

You collected 65 gold pieces.

Inventory:

Hand Weapons
 a - a +0 war axe (weapon)
Missiles
 m - 9 poisoned needles
Armour
 b - a +0 scale mail
 c - a +0 shield (worn)
 h - a +0 chain mail (worn)
 l - a +0 pair of boots (worn)
Jewellery
 k - a ring of sustain attributes (left hand)
 q - a cursed amulet of inaccuracy (around neck)
Scrolls
 g - a scroll of blinking
 j - 2 scrolls of identify
Potions
 d - 2 potions of might
 r - a potion of degeneration
Comestibles
 f - 2 bread rations
 o - a meat ration
 p - a slice of pizza


   Skills:
 + Level 4.2 Fighting
 * Level 4.5 Axes
 - Level 3.2 Armour
 - Level 3.2 Shields


You had 2 spell levels left.
You didn't know any spells.

Dungeon Overview and Level Annotations

Branches:
Dungeon (3/15)

Altars:
Ashenzari

Annotations:
D:3 Ijyb


Message History

You block the killer bee's attack. x2
The killer bee stings you but does no damage.
You completely miss the killer bee.
You feel sick.
The killer bee stings you but does no damage. x2
You block the killer bee's attack.
You barely miss the killer bee.
The killer bee stings you but does no damage.
You block the killer bee's attack.
You slash the killer bee!
The killer bee is severely wounded.
You feel sick.
The killer bee stings you but does no damage. x2
The killer bee stings you.
* * * LOW HITPOINT WARNING * * *
You completely miss the killer bee.
The killer bee is severely wounded.
The killer bee stings you.
* * * LOW HITPOINT WARNING * * *
The killer bee stings you.
You die...

,,,,,*,,,,,,,,******+***,********
*******,******* #.* *,**,,,,,,
,,,,,,,,#****** #.#**.#*,,.,,,
+**,,,,,..,,,,* *.[*#.#*,..,,,
,,,,**,,...,,,* #####.##.##..,,,,
,,>,**,,....,,* #...#..#...,,,,**
,,,,**,,.....,* #§.§##.#.###**,*
,,,***,,....gy###§§.##...#..,*,*
,,,+,,,,....yyyy@§§.'....#.#,*,*
,,,***,,.....y###§§.##...#.#,*,#
,,,* *,,.....,* #§§.##...#.#.#.##
,,,* *,,....,,* #.#.....>..#.#.#.
,,,* ***###**** #.#.....####.....
,,,* #.#.....#.(#...#, ****
#.#.....÷....<.##
*.####...........
*,,+_#.....#..###


You could see 2 killer bees.

Vanquished Creatures
  An adder (D:3)
  2 dart slugs (D:1)
  A ball python (D:1)
  4 goblins (D:1)
  5 hobgoblins
  8 kobolds
  A quokka (D:3)
  3 bats
  2 giant newts (D:2)
  6 rats
33 creatures vanquished.

Notes
Turn   | Place    | Note
-------+----------+-------------------------------------------
     0 | D:1      | mopl the Hill Orc Fighter began the quest for the Orb.
     0 | D:1      | Reached XP level 1. HP: 19/19 MP: 1/1
   171 | D:1      | Reached skill level 3 in Axes
   187 | D:1      | Reached XP level 2. HP: 27/27 MP: 2/2
   244 | D:1      | Reached skill level 4 in Fighting
   255 | D:1      | Reached skill level 4 in Axes
   255 | D:1      | Reached XP level 3. HP: 33/33 MP: 3/3
   855 | D:3      | Found a shattered altar of Ashenzari.
  1005 | D:3      | Noticed a killer bee
  1005 | D:3      | Noticed a killer bee
  1005 | D:3      | Noticed a killer bee
  1005 | D:3      | Noticed a killer bee
  1005 | D:3      | Noticed a killer bee
  1006 | D:3      | Noticed a killer bee
  1007 | D:3      | Noticed Ijyb
  1026 | D:3      | Slain by a killer bee

Vault maps used:
D:1:      dpeg_arrival_arbitrary_c
D:3:      grunt_pakellas_basics, ashenzari_conservatory_becter, uniq_iyjb

Skill      XL: |  1  2 |
---------------+-------+-----
Axes           | 3 4 |  4.5
Fighting       | 4 |  4.2
Armour         | |  3.2
Shields        | |  3.2

Action                   || total
-------------------------++-------
Melee: War axe           ||   123
  Use: Scroll            ||     5
       Potion            ||     1
  Eat: Chunk             ||     1
Armor: Chain mail        ||    95
Dodge: Dodged            ||    30
Block: Shield            ||    83
